Map: Neon Violet Square LE

Players

Nerchio - Winner!

  • Race: Zerg Zerg
  • Spawn Location: 11:00

ShoWTimE

  • Race: Protoss Protoss
  • Spawn Location: 5:00

Event: WESG 2017 Haikou

VOD

Have the link to the VOD?

Description

Time

  • Played on: March 16, 2018, 4:07 a.m.
  • Length: 9:25

All games in this series

Show
View Real Time Build Order
Export as new Build Order

Nerchio Zerg - Winner!

Build Orders: Hatch First, Lurkers 

Get SALT Encoding   

  12  0:00  Drone  
  13  0:13  Overlord  
  13  0:18  Drone  
  14  0:31  Drone x2  
  16  0:50  Hatchery  
  16  0:53  Drone  
  16  0:56  Drone  
  17  1:00  Drone  
  18  1:08  Extractor  
  17  1:17  Spawning Pool  
  16  1:21  Drone  
  16  1:24  Drone  
  18  1:28  Drone  
  19  1:39  Overlord  
  19  1:50  Drone  
  20  2:04  Queen x2  
  24  2:10  Metabolic Boost  
  24  2:14  Zergling x2  
  25  2:18  Zergling x2  
  25  2:21  Drone  
  27  2:24  Drone  
  27  2:27  Drone  
  27  2:29  Drone  
  30  2:33  Drone  
  30  2:37  Drone  
  32  2:53  Hatchery  
  32  2:56  Drone  
  32  3:00  Overlord  
  32  3:04  Drone  
  33  3:10  Drone x3  
  36  3:18  Queen  
  36  3:19  Drone  
  40  3:20  Drone  
  40  3:23  Drone  
  40  3:26  Overlord  
  41  3:33  Queen  
  43  3:35  Drone  
  43  3:38  Spore Crawler  
  43  3:40  Drone  
  44  3:43  Overlord  
  44  3:46  Drone x2  
  46  3:49  Drone  
  46  3:51  Drone  
  46  3:52  Drone  
  46  3:54  Drone  
  50  3:57  Drone  
  50  3:59  Spore Crawler  
  50  4:01  Drone  
  48  4:03  Drone  
  48  4:05  Drone  
  50  4:11  Lair  
  50  4:14  Drone x2  
  50  4:16  Drone  
  53  4:17  Drone  
  53  4:21  Drone  
  53  4:22  Spore Crawler  
  53  4:23  Drone  
  55  4:26  Overlord  
  55  4:28  Drone  
  55  4:29  Drone  
  55  4:31  Drone  
  58  4:34  Extractor  
  58  4:35  Extractor, Overlord  
  56  4:41  Queen  
  58  4:46  Drone x4  
  58  4:48  Drone  
  58  4:49  Drone  
  58  4:50  Drone  
  65  4:53  Overlord  
  65  4:56  Drone x2  
  65  4:58  Zergling x2  
  65  4:59  Zergling x2  
  69  5:01  Zergling x2  
  69  5:02  Zergling x2  
  69  5:04  Zergling x2  
  69  5:06  Overlord  
  72  5:11  Hydralisk Den  
  72  5:12  Baneling Nest  
  70  5:15  Queen  
  70  5:20  Zergling x6  
  75  5:28  Zergling x8  
  79  5:33  Drone x3, Overlord  
  79  5:34  Drone  
  79  5:35  Drone x3  
  86  5:44  Grooved Spines, Overlord  
  86  5:48  Drone x3  
  89  5:54  Hydralisk x4  
  97  5:59  Drone x2, Lurker Den  
  97  6:00  Evolution Chamber  
  97  6:01  Drone  
  98  6:04  Hydralisk, Extractor x2  
  98  6:06  Hydralisk  
  98  6:09  Overlord  
  98  6:11  Overlord  
  100  6:18  Hydralisk x3  
  106  6:25  Overlord  
  106  6:26  Extractor, Overlord  
  106  6:28  Overseer  
  106  6:31  Drone  
  106  6:32  Drone x4  
  110  6:33  Drone x2  
  110  6:34  Drone  
  110  6:35  Drone  
  110  6:38  Zerg Missile Weapons Level 1  
  114  6:41  Overlord x2  
  114  6:56  Muscular Augments  
  114  6:58  Drone x3  
  114  6:59  Drone x3  
  120  7:02  Hatchery  
  120  7:03  Drone x3  
  120  7:05  Drone x2  
  120  7:08  Drone x2  
  126  7:11  Drone x3  
  126  7:13  Extractor  
  128  7:16  Spore Crawler  
  128  7:17  Extractor  
  128  7:20  Hydralisk x3  
  132  7:25  Hydralisk x2  
  132  7:29  Hydralisk x2  
  136  7:33  Overlord  
  136  7:35  Hydralisk x2  
  144  7:37  Overlord  
  144  7:38  Overlord  
  144  7:39  Overlord  
  144  7:43  Pneumatized Carapace  
  144  7:47  Overlord  
  144  7:53  Hydralisk x2  
  144  7:54  Hydralisk x2  
  144  7:57  Hydralisk  
  154  8:03  Lurker x5  
  159  8:07  Drone x3  
  159  8:10  Lurker  
  159  8:11  Lurker  
  164  8:15  Hydralisk  
  164  8:19  Hydralisk x2  
  166  8:22  Zergling x16  
  166  8:25  Zergling x2  
  179  8:33  Lurker x2  
  179  8:38  Hydralisk  
  179  8:39  Hydralisk x3  
  179  8:41  Zergling x10  
  191  8:44  Hydralisk  
  181  8:48  Hydralisk  
  181  8:49  Hydralisk x3  
  181  8:51  Zergling x2  
  181  8:52  Zergling x2  
  181  8:53  Zergling x2  
  182  8:56  Hydralisk  
  182  8:57  Hydralisk  
Show
View Real Time Build Order
Export as new Build Order

ShoWTimE Protoss 

Build Orders: 1 Gate Expand, Oracle Opening, Phoenix Opening, Archon Immortal, Zealot Archon, Archon Drop 

Get SALT Encoding   

  12  0:00  Probe  
  13  0:13  Probe  
  14  0:19  Pylon  
  14  0:25  Probe  
  15  0:37  Probe (Chrono Boost)  
  15  0:39  Gateway  
  16  0:46  Probe (Chrono Boost)  
  16  0:48  Assimilator  
  17  0:52  Probe  
  18  1:04  Probe  
  19  1:16  Probe  
  20  1:27  Nexus  
  20  1:39  Cybernetics Core  
  20  1:42  Probe  
  21  1:47  Assimilator  
  22  1:54  Probe  
  22  1:57  Pylon  
  22  2:06  Probe  
  23  2:14  Adept (Chrono Boost)  
  25  2:18  Probe  
  25  2:20  Stargate  
  26  2:27  Warp Gate  
  26  2:30  Probe (Chrono Boost)  
  26  2:33  Adept  
  29  2:40  Probe (Chrono Boost)  
  29  2:42  Probe (Chrono Boost)  
  31  2:49  Probe (Chrono Boost)  
  31  2:50  Probe (Chrono Boost)  
  33  2:54  Probe (Chrono Boost)  
  33  2:57  Probe  
  35  3:01  Oracle (Chrono Boost)  
  38  3:06  Probe  
  38  3:11  Probe, Pylon  
  40  3:18  Probe  
  41  3:23  Probe  
  42  3:30  Gateway  
  42  3:31  Probe, Phoenix  
  45  3:37  Assimilator  
  45  3:38  Assimilator  
  46  3:43  Probe x2 (Chrono Boost)  
  47  3:53  Robotics Facility, Probe (Chrono Boost)  
  47  3:55  Probe (Chrono Boost)  
  49  3:58  Probe (Chrono Boost)  
  50  4:03  Probe  
  50  4:05  Twilight Council  
  50  4:08  Pylon  
  50  4:09  Probe  
  52  4:24  Nexus  
  52  4:29  Gateway  
  52  4:34  Gateway  
  52  4:38  Warp Prism (Chrono Boost)  
  54  4:48  Templar Archives  
  54  4:50  Probe  
  54  4:51  Probe  
  56  4:54  Charge  
  56  4:57  Pylon  
  56  5:03  Probe  
  56  5:04  Forge  
  56  5:06  Probe  
  58  5:11  Pylon  
  58  5:15  Probe  
  58  5:18  Probe  
  58  5:21  Pylon  
  60  5:26  High Templar  
  60  5:27  Probe, High Templar  
  65  5:30  Protoss Ground Weapons Level 1 (Chrono Boost), Probe, High Templar x2  
  65  5:34  Archon x2  
  70  5:36  Observer (Chrono Boost)  
  70  5:37  Probe  
  70  5:39  Probe  
  74  5:42  Probe  
  74  5:45  Gateway  
  74  5:47  Gateway  
  74  5:49  Probe  
  75  5:51  Probe  
  75  5:54  Probe  
  75  5:55  Assimilator  
  77  5:58  Psionic Storm  
  77  5:59  Assimilator  
  77  6:00  Immortal (Chrono Boost)  
  77  6:01  Probe  
  77  6:03  Probe  
  83  6:07  Probe  
  84  6:14  Pylon  
  84  6:24  Gateway  
  84  6:25  Gateway  
  84  6:28  Immortal (Chrono Boost)  
  88  6:33  High Templar  
  88  6:36  Pylon  
  90  6:44  Pylon  
  90  6:46  Gateway  
  90  6:48  Gateway  
  90  6:49  High Templar  
  92  7:01  Immortal  
  96  7:02  High Templar x2  
  96  7:07  Photon Cannon  
  100  7:08  Shield Battery  
  100  7:09  Zealot x3  
  100  7:10  Pylon  
  106  7:16  Pylon  
  106  7:28  Pylon  
  106  7:31  High Templar x2  
  106  7:35  Nexus  
  110  7:37  Immortal (Chrono Boost)  
  110  7:38  Pylon  
  114  7:49  Shield Battery  
  114  7:58  Photon Cannon  
  114  8:00  Photon Cannon  
  114  8:02  Photon Cannon  
  114  8:03  Shield Battery  
  114  8:08  Observer (Chrono Boost)  
  114  8:10  Zealot x3  
  114  8:11  Zealot  
  123  8:17  Probe x2  
  125  8:24  Immortal  
  129  8:32  Gateway  
  129  8:36  Assimilator, Gateway  
  129  8:44  Zealot x3  
  131  8:49  Zealot  
  131  8:53  Zealot x2  
  135  8:56  Zealot  
  135  8:58  Probe  
  132  9:04  Observer  
  132  9:05  Zealot x2  
  132  9:09  Zealot  
  99  9:10  Archon  
  99  9:13  Zealot x2  
Tags
 
Add a new tag
Caveats
  • Supply blocks, unpowered buildings, or Contaminate may cause inaccurate times.
  • Supply counts are checked every 10 seconds.